 Dungeon Crawl Stone Soup version 0.30.0-29-ga12c61a403 (webtiles) character file.

Game seed: 6334508119741707909

4 Graphine the Grave Robber (level 1, -1/14 HPs)
             Began as a Demonspawn Necromancer on June 23, 2023.
             Slain by a jackal (2 damage)
             ... on level 1 of the Dungeon.
             The game lasted 00:00:32 (90 turns).

Graphine the Grave Robber (Demonspawn Necromancer)    Turns: 90, Time: 00:00:33

Health: -1/14      AC:  2    Str:  8    XL:     1   Next: 50%
Magic:  3/3        EV: 12    Int: 16    God:
Gold:   0          SH:  0    Dex: 13    Spells: 3/4 levels left

rFire   . . .        (no weapon)
rCold   . . .        (no shield)
rNeg    . . .        a - +0 robe
rPois   .            (no helmet)
rElec   .            (no cloak)
rCorr   .            (no gloves)
SInv    .            (no boots)
Will    .....        (no amulet)
Stlth   ++           (no ring)
HPRegen 0.22/turn    (no ring)
MPRegen 0.08/turn

%: no passive effects
@: no status effects
A: no striking features
a: no special abilities


You were on level 1 of the Dungeon.
You visited 1 branch of the dungeon, and saw 1 of its levels.

Inventory:

Armour
 a - a +0 robe (worn)
Scrolls
 c - a scroll of fog {unknown}


   Skills:
 * Level 0.3 Fighting
 + Level 1.8 Dodging
 - Level 1.7 Stealth
 + Level 2.0 Spellcasting
 * Level 4.4 Necromancy
 * Level 0.5 Invocations


You had 3 spell levels left.
You knew the following spells:

 Your Spells              Type           Power      Damage    Failure   Level
a - Necrotise             Necr           60%        1d7       3%          1

Your spell library contained the following spells:

 Spells                   Type           Power      Damage    Failure   Level
 Vampiric Draining        Necr           15%        2d7       10%         3
 Animate Dead             Necr           15%        N/A       32%         4
 Agony                    Necr           15%        N/A       67%         5


Dungeon Overview and Level Annotations

Branches:
Dungeon (1/15)

Altars:


Message History

Nothing appears to happen.
The hobgoblin closely misses you.
The hobgoblin writhes in agony.
The hobgoblin hits you.
You hit the hobgoblin but do no damage.
The hobgoblin is severely wounded.
The hobgoblin barely misses you.
You hit the hobgoblin but do no damage.
The hobgoblin is severely wounded.
Your jackal skeleton barely misses the hobgoblin.
The jackal bites you.
A hobgoblin comes into view.
Your jackal skeleton bites the hobgoblin.
The hobgoblin hits you but does no damage.
You barely miss the hobgoblin.
The hobgoblin is almost dead.
Your jackal skeleton bites the hobgoblin.
The hobgoblin dies!
The jackal barely misses you. The jackal bites you.
You barely miss the jackal.
The jackal bites you but does no damage.
The jackal bites you.
Your jackal skeleton bites the jackal but does no damage.
You closely miss the jackal. The jackal bites you.
The jackal barely misses you.
Your jackal skeleton bites the jackal.
Your magical contamination has completely faded away.
You miss the jackal.
The jackal is moderately wounded.
The jackal closely misses you. The jackal barely misses you.
Your jackal skeleton misses the jackal.
The jackal bites you. x2
* * * LOW HITPOINT WARNING * * *
The hobgoblin hits your jackal skeleton.
You miss the jackal.
The jackal is moderately wounded.
Your jackal skeleton misses the jackal.
The jackal bites you.
* * * LOW HITPOINT WARNING * * *
The jackal completely misses you.
The hobgoblin barely misses your jackal skeleton.
A rat comes into view.
Your jackal skeleton closely misses the jackal.
Magic courses through your body. The jackal bites you.
You die...

###########
#.....#
..........# ##..
...#
..#######.#####..
.h..# ....#
#.....#r# .h...
#.###
###..#.#.#.....#
....#
#....#...#.....#
....#
#.#.......Z....#
#.###
#.###..#h##....
....# #.# #.^#h@#
# ....# #.#
#..##Z.......
#.#.# #.#
#..###g......
....# #.# ..##
...##.. ....#
..#...# .#.#
#.### .#....#
.#.# ....# .
..... .# . ....#
.. #. ..###


You could see 2 jackals, a hobgoblin, a rat and a friendly jackal skeleton.

Vanquished Creatures
  An endoplasm (D:1)
  A jackal (D:1)
2 creatures vanquished.

Vanquished Creatures (collateral kills)
  A hobgoblin (D:1)
1 creature vanquished.

Grand Total: 3 creatures vanquished

Notes
Turn   | Place    | Note
-------+----------+-------------------------------------------
     0 | D:1      | Graphine the Demonspawn Necromancer began the quest for the
                  | Orb.
     0 | D:1      | Reached XP level 1. HP: 13/13 MP: 3/3
    90 | D:1      | Slain by a jackal

Illustrated notes

Levels and vault maps discovered:
D:1:      dpeg_arrival_ternary, layout_rooms

Action                     || total
---------------------------++-------
  Melee: Unarmed           ||     7
   Cast: Necrotise         ||     5
    Use: Potion            ||     1
 Armour: Robe              ||     2
  Dodge: Dodged            ||     7
